 Dungeon Crawl Stone Soup version 0.29-a0-770-g2e8140cf71 (webtiles) character file.

Game seed: 3184269044807220848

431 Nixze the Trooper (level 6, -4/66 HPs)
             Began as an Ogre Ice Elementalist on July 1, 2022.
             Slain by an ice beast (14 damage)
             ... on level 5 of the Dungeon.
             The game lasted 00:11:38 (6037 turns).

Nixze the Trooper (Ogre Ice Elementalist)           Turns: 6037, Time: 00:11:38

Health: -4/66      AC:  4    Str: 13    XL:     6   Next: 99%
Magic:  12/12      EV: 10    Int: 18    God:
Gold:   94         SH:  0    Dex:  9    Spells: 9/13 levels left

rFire   . . .      SeeInvis .   e - +0 dagger
rCold   . . .      Faith    .   (no shield)
rNeg    . . .      Spirit   .   q - +1 robe {Will+}
rPois   .          Reflect  .   (helmet restricted)
rElec   .          Harm     .   (no cloak)
rCorr   .          Rampage  .   (gloves unavailable)
Will    +....                   (boots unavailable)
Stlth   ++........              (no amulet)
HPRegen 0.21/turn               (no ring)
MPRegen 0.13/turn               (no ring)

@: about to teleport
A: large, unfitting armour, tough skin 1
a: no special abilities


You were on level 5 of the Dungeon.
You visited 1 branch of the dungeon, and saw 5 of its levels.

You collected 199 gold pieces.
You spent 105 gold pieces at shops.

Inventory:

Hand Weapons
 e - a +0 dagger (weapon)
Missiles
 h - 20 stones
 s - 5 boomerangs of dispersal
Armour
 q - a +1 robe of willpower (worn)
Wands
 j - a wand of digging (6)
 w - a wand of flame (24) (quivered)
Scrolls
 f - 2 scrolls of identify
 l - a scroll of magic mapping {unknown}
 n - a scroll of fear {unknown}
 p - a scroll of enchant armour {unknown}
 x - a scroll of amnesia {unknown}
Potions
 b - a potion of magic
 c - a potion of resistance
 g - 2 potions of brilliance
 i - a potion of attraction
 m - a potion of curing {unknown}
 o - a potion of might {unknown}
 r - a potion of lignification {unknown}
 t - 2 potions of heal wounds {unknown}
 u - a potion of berserk rage {unknown}
 v - a potion of degeneration {unknown}


   Skills:
 - Level 5.0 Fighting
 - Level 3.0 Dodging
 - Level 2.0 Stealth
 - Level 4.0 Spellcasting
 - Level 4.0 Ice Magic
 + Level 2.4 Evocations


You had 9 spell levels left.
You knew the following spells:

 Your Spells              Type           Power      Damage    Failure   Level
a - Freeze                Ice            72%        1d9       2%          1
b - Frozen Ramparts       Ice            36%        1d5       9%          3

Your spell library contained the following spells:

 Spells                   Type           Power      Damage    Failure   Level
 Ozocubu's Armour         Ice            18%        N/A       9%          3
 Slow                     Hex            12%        N/A       14%         1
 Confusing Touch          Hex            3%         N/A       41%         3
 Conjure Flame            Conj/Fire      3%         6-21      41%         3
 Ignite Poison            Fire/Tmut/Pois 3%         N/A       41%         3
 Vampiric Draining        Necr           3%         2d6       41%         3
 Hailstorm                Conj/Ice       10%        3d5       54%         4
 Sticky Flame             Conj/Fire      3%         2d3       82%         4


Dungeon Overview and Level Annotations

Branches:
Dungeon (5/15)
 Temple: D:4-7

Altars:
Okawaru
Xom

Shops:
D:3 [*?:


Innate Abilities, Weirdness & Mutations

You are too large for most types of armour.
You have tough skin. (AC +1)


Message History

HP restored.
You start resting.
Magic restored.
An ice beast comes into view.
An ice beast is nearby!
Press: ? - help, v - describe, . - travel
Here: an ice beast The floor.
Unknown command.
Things that are here:
a +0 trident; an orc skeleton You enter the shallow water.
Moving in this stuff is going to be slow.
You enter the shallow water.
Moving in this stuff is going to be slow.
The ice beast attacks as you move away! The ice beast hits you.
The ice beast freezes you. The ice beast barely misses you.
The ice beast hits you. The ice beast freezes you!
The ice beast attacks as you move away! The ice beast hits you.
The ice beast freezes you!
You enter the shallow water.
Moving in this stuff is going to be slow.
The ice beast attacks as you move away! The ice beast hits you.
The ice beast freezes you! The ice beast hits you. The ice beast freezes you!
* * * LOW HITPOINT WARNING * * *
Okay, then.
As you read the scroll labelled RUTSAF WOAGILAOXIH, it crumbles to dust.
You hear a loud clanging noise!
It was a scroll of noise.
You hear a shout! x5; You hear an angry hiss.
The ice beast closely misses you.
As you read the scroll labelled ZOMUSY COATEIRYO, it crumbles to dust.
The creatures around you are filled with an inner flame!
It was a scroll of immolation.
The ice beast barely misses you.
As you read the scroll labelled HUSOQU MAD FEZ, it crumbles to dust.
You feel strangely unstable.
It was a scroll of teleportation.
The ice beast hits you.
* * * LOW HITPOINT WARNING * * *
The ice beast freezes you!
You die...

....................## ##......
##........####.....## #.......
##....#### ##.....### #...#####
##..## #.......##.....
###..#########...........#.#..##
##.....≈)≈...##.≈..≈.≈≈......≈≈..
#......≈≈≈.8.##..≈≈≈≈≈.≈≈≈≈≈≈≈≈≈≈
..........8_8#..≈≈♣♣♣≈≈≈♣♣♣≈.≈♣♣♣
.......≈≈≈.8.#..@≈♣ ≈≈≈♣ ≈ ♣
.......≈)≈...#..Y≈♣♣♣≈≈≈♣ ♣
..############...≈≈≈≈≈≈≈≈≈ ≈ ..#
#..##..≈...≈.≈. .. ..#
##..#.≈≈≈≈≈.≈ ≈≈≈ ..#
#>.#≈≈♣♣♣≈≈≈ .Y# #...≈≈♣ ≈≈≈ ..#
#.#.≈≈♣♣♣≈≈≈ ..# ###..≈≈≈≈≈≈≈


You could see an ice beast (inner flame).

Vanquished Creatures
  A phantom (D:5)
  A necrophage (D:4)
  A scorpion (D:5)
  A jelly (D:5)
  2 hounds (D:4)
  An orc wizard (D:3)
  3 adders (D:4)
  A shadow imp (D:3)
  A worm (D:2)
  A dart slug (D:4)
  4 orcs
  8 ball pythons
  8 bats
  4 endoplasms
  3 giant cockroaches
  9 hobgoblins
  2 jackals (D:4)
  6 quokkas
  11 frilled lizards
  7 goblins
  3 kobolds
  3 rats
81 creatures vanquished.

Vanquished Creatures (others)
  16 plants
16 creatures vanquished.

Grand Total: 97 creatures vanquished

Notes
Turn   | Place    | Note
-------+----------+-------------------------------------------
     0 | D:1      | Nixze the Ogre Ice Elementalist began the quest for the
                  | Orb.
     0 | D:1      | Reached XP level 1. HP: 16/16 MP: 3/3
   177 | D:1      | Reached XP level 2. HP: 15/26 MP: 0/5
   188 | D:1      | Reached skill level 1 in Fighting
   621 | D:1      | Reached skill level 2 in Fighting
   926 | D:1      | Reached XP level 3. HP: 35/36 MP: 2/6
  1251 | D:1      | Reached skill level 3 in Fighting
  1829 | D:2      | Found a faded altar of an unknown god.
  2840 | D:3      | Found Ujoh's Book Emporium.
  2852 | D:3      | Learned a level 3 spell: Frozen Ramparts
  3168 | D:3      | Found Yfucarid's Antique Armour Emporium.
  3172 | D:3      | Bought a runed robe for 77 gold pieces
  3347 | D:3      | Found Gery's General Store.
  3368 | D:3      | Bought a scroll of identify for 28 gold pieces
  3426 | D:3      | Reached XP level 4. HP: 45/45 MP: 5/8
  3743 | D:3      | Found a shimmering altar of Xom.
  3819 | D:3      | Found Umnoerhula's Magic Scroll Shoppe.
  4309 | D:4      | Reached XP level 5. HP: 54/54 MP: 6/11
  4519 | D:4      | Reached skill level 4 in Fighting
  4603 | D:4      | Reached skill level 5 in Fighting
  5266 | D:4      | Reached XP level 6. HP: 59/66 MP: 8/12
  5522 | D:5      | Entered Level 5 of the Dungeon
  5668 | D:5      | Reached skill level 1 in Evocations
  5929 | D:5      | Found an iron altar of Okawaru.
  5989 | D:5      | Noticed an ice beast
  6037 | D:5      | Slain by an ice beast

Illustrated notes

Levels and vault maps discovered:
D:1:      dpeg_arrival_prison, layout_basic, minmay_lizard_king
D:2:      layout_basic, shapermc_ecumenical_altar_totnotflames,
          minmay_misc_feat_tiny, nicolae_titane
D:3:      wad_woods_pond, layout_loops_ring, mainiacjoe_overflow_24_doors,
          serial_shops, nicolae_shop_trees, nicolae_shop_trees, shop,
          nicolae_shop_crystal
D:4:      layout_loops_ring, roderic_serpentine_path, nicolae_figureground_pulse
D:5:      layout_layer_cave, kennysheep_okawaru_gauntlet,
          nicolae_overflow_crystal_walls, minmay_misc_feat_four_crosses,
          kennysheep_boxes

Skill      XL: |  1  2  3  4  5  6 |
---------------+-------------------+-----
Ice Magic      | 4 |  4.0
Fighting       | 2 3 5 |  5.0
Spellcasting   | 3 4 |  4.0
Dodging        | 2 3 |  3.0
Stealth        | 2 |  2.0
Evocations     | 2 |  2.4

Action                   |  1- 3 |  4- 6 || total
-------------------------+-------+-------++-------
Melee: Dagger            |    26 |    32 ||    58
       Punch             |     1 |       ||     1
Throw: Stone             |     6 |     2 ||     8
 Cast: Freeze            |    78 |    35 ||   113
       Frozen Ramparts   |       |    17 ||    17
Evoke: Wand              |       |     5 ||     5
  Use: Scroll            |       |     6 ||     6
 Stab: Sleeping          |       |     1 ||     1
Armor: Robe              |    22 |    15 ||    37
Dodge: Dodged            |    50 |    42 ||    92

Table legend: (Time is in decaauts)
 A = Elapsed time spent in this place.
 B = Non-inter-level travel time spent in this place.
 C = Inter-level travel time spent in this place.
 D = Time resting spent in this place.
 E = Time spent auto-exploring this place.
 F = Levels seen in this place.
 G = Mean time per level.
                   A        B        C        D        E       F      G
               +--------+--------+--------+--------+--------+-----+--------+
         Total |   6045 |   5863 |    182 |    768 |   4320 |   5 | 1209.0 |
       Dungeon |   6045 |   5863 |    182 |    768 |   4320 |   5 | 1209.0 |
               +--------+--------+--------+--------+--------+-----+--------+

Top non-repeatable levels by time:
     D:1: 1523 daAuts
     D:4: 1490 daAuts
     D:3: 1280 daAuts
     D:2: 1262 daAuts
     D:5: 488 daAuts
